 Dungeon Crawl Stone Soup version 0.25.1-2-g60ff931df9 (webtiles) character file.

Game seed: 12733497946127065826

49 Curus the Cudgeler (level 3, -1/43 HPs)
             Began as a Demonspawn Berserker on Aug 10, 2020.
             Was a Follower of Trog.
             Slain by a gnoll
             ... wielding a +0 spear
              (4 damage)
             ... on level 2 of the Dungeon.
             The game lasted 00:04:27 (1352 turns).

Curus the Cudgeler (Demonspawn Berserker)           Turns: 1352, Time: 00:04:28

Health: -1/43      AC:  3    Str: 17    XL:     3   Next: 53%
Magic:  3/3        EV:  9    Int:  8    God:    Trog [*.....]
Gold:   60         SH:  7    Dex: 13    Spells: 2/2 levels left

rFire    . . .     SeeInvis .   a - +2 mace
rCold    . . .     Gourm    .   g - +0 kite shield
rNeg     . . .     Faith    .   b - +1 animal skin
rPois    .         Spirit   .   (helmet restricted)
rElec    .         Reflect  .   (no cloak)
rCorr    .         Harm     .   (no gloves)
MR       .....                  (no boots)
Stlth    ..........             (no amulet)
HPRegen  0.14/turn              (no ring)
MPRegen  0.08/turn              (no ring)

@: berserking, very quick
A: horns 1, sturdy frame 1
a: Berserk, Renounce Religion


You were on level 2 of the Dungeon.
You worshipped Trog.
Trog was aware of your devotion.
You were very hungry.

You visited 1 branch of the dungeon, and saw 2 of its levels.

You collected 60 gold pieces.

Inventory:

Hand Weapons
 a - a +2 mace (weapon)
Armour
 b - a +1 animal skin (worn)
 g - a +0 kite shield (worn)
Scrolls
 f - a scroll of identify
 h - a scroll of remove curse
Comestibles
 c - 3 rations


   Skills:
 - Level 3.0 Fighting
 + Level 4.2 Maces & Flails
 - Level 1.7 Armour
 - Level 1.7 Dodging


You had 2 spell levels left.
You didn't know any spells.
Your spell library was empty.

Dungeon Overview and Level Annotations

Branches:
Dungeon (2/15)

Altars:


Innate Abilities, Weirdness & Mutations

You have a pair of small horns on your head.
Your movements are slightly less encumbered by armour. (ER -2)


Message History

You thump the worm!
You kill the worm!
Trog accepts your kill.
Your Maces & Flails skill increases to level 4!
The gnoll hits you from afar with a +0 spear.
* * * LOW HITPOINT WARNING * * *
All of the chunks of flesh in your inventory have rotted away.
The gnoll hits you with a +0 spear.
* * * LOW HITPOINT WARNING * * *
You see here a worm corpse.
You sock the gnoll!
You kill the gnoll!
Trog accepts your kill.
You miss the adder. Your headbutt misses the adder.
You block the adder's attack.
The gnoll hits you from afar with a +0 spear.
* * * LOW HITPOINT WARNING * * *
You closely miss the adder. You block the adder's attack.
The gnoll hits you from afar with a +0 spear.
You die...

#############
#g..g.w...gg#
#.#########S# #.#
#@# ### #g# #.#
#.# # #g# #.####.#
.....Sg..#
#......#
....g....#
######.###########
...gS....#
#.....##.....
..g......#
######.##.####
.g........
...............
......>^...
#####.#.##.####


You could see 2 gnolls and an adder.

Vanquished Creatures
  A gnoll (D:2)
  2 worms (D:2)
  A leopard gecko (D:1)
  A giant cockroach (D:1)
  5 goblins (D:1)
  3 hobgoblins (D:1)
  7 jackals (D:1)
  4 kobolds (D:1)
  2 bats
  A frilled lizard (D:1)
  A rat (D:1)
28 creatures vanquished.

Notes
Turn   | Place    | Note
-------+----------+-------------------------------------------
     0 | D:1      | Curus the Demonspawn Berserker began the quest for the Orb.
     0 | D:1      | Reached XP level 1. HP: 18/18 MP: 1/1
   125 | D:1      | Reached skill level 3 in Maces & Flails
   485 | D:1      | Gained mutation: You have a pair of small horns on your
                  | head. [demonic ancestry]
   485 | D:1      | Reached XP level 2. HP: 24/24 MP: 2/2
   898 | D:1      | Gained mutation: Your movements are slightly less
                  | encumbered by armour. (ER -2) [demonic ancestry]
   898 | D:1      | Reached XP level 3. HP: 23/29 MP: 3/3
  1348 | D:2      | Reached skill level 4 in Maces & Flails
  1352 | D:2      | Slain by a gnoll

Illustrated notes

Levels and vault maps discovered:
D:1:      dpeg_arrival_morbid_curiosity, layout_basic, minmay_misc_feat_pillars,
          minmay_misc_feat_doors
D:2:      layout_basic, overflow_temple_1_default

Skill      XL: |  1  2  3 |
---------------+----------+-----
Maces & Flails | 3 4 |  4.2
Fighting       | |  3.0
Armour         | |  1.7
Dodging        | |  1.7

Action                   || total
-------------------------++-------
Melee: Mace              ||    80
       Headbutt          ||    14
Invok: Berserk           ||     2
  Use: Scroll            ||     6
       Potion            ||     3
 Stab: Sleeping          ||     1
  Eat: Chunk             ||     2
Armor: Animal skin       ||    21
Dodge: Dodged            ||    67
Block: Kite shield       ||     4
